Map: Eternal Empire LE

Players

GeneralBlack - Winner!

  • Race: Terran Terran
  • League: Diamond
  • Spawn Location: 7:00

VOD

Have the link to the VOD?

Description

standard fast 3 CC opening as used by many pros.

Time

  • Played on: April 4, 2020, 5:17 a.m.
  • Length: 7:49
Show
View Real Time Build Order
Export as new Build Order

GeneralBlack Terran - Winner!

Build Orders: Gas First Reaper Expand, Liberator Opening 

Get SALT Encoding   

  12  0:02  SCV  
  12  0:14  SCV  
  12  0:18  Supply Depot  
  12  0:26  SCV  
  12  0:29  Refinery  
  12  0:39  SCV  
  12  0:45  Barracks  
  12  0:52  SCV  
  12  1:04  SCV  
  12  1:16  SCV  
  12  1:28  SCV  
  12  1:34  Reaper  
  12  1:40  Orbital Command  
  12  1:49  Command Center  
  12  1:58  Supply Depot  
  12  2:09  Factory  
  12  2:12  SCV  
  12  2:19  Barracks Reactor  
  12  2:23  Refinery  
  12  2:27  SCV  
  12  2:31  Bunker  
  12  2:39  SCV  
  12  2:51  SCV  
  12  2:54  Starport  
  12  3:03  SCV, Hellion  
  12  3:04  Barracks Tech Lab  
  12  3:08  Orbital Command  
  12  3:16  SCV  
  12  3:20  Hellion  
  12  3:24  Hellion  
  12  3:28  SCV  
  12  3:32  Liberator  
  12  3:35  SCV  
  12  3:42  SCV, Supply Depot  
  12  3:45  Hellion  
  12  3:48  Hellion  
  12  3:50  SCV  
  12  3:53  Stimpack  
  12  3:55  Marine  
  12  3:57  SCV  
  12  4:04  SCV  
  12  4:07  Supply Depot  
  12  4:09  SCV  
  12  4:10  Hellion  
  12  4:13  Hellion  
  12  4:14  Marine  
  12  4:16  SCV  
  12  4:29  SCV x2  
  12  4:32  Command Center  
  12  4:44  Barracks  
  12  4:45  Barracks  
  12  4:46  Starport Reactor  
  12  4:47  Marine, Factory Tech Lab  
  12  4:48  SCV  
  12  4:50  SCV  
  12  5:00  SCV  
  12  5:02  Engineering Bay  
  12  5:03  SCV, Engineering Bay  
  12  5:04  Supply Depot  
  12  5:07  Marine  
  12  5:15  Supply Depot  
  12  5:22  SCV x2, Siege Tank  
  12  5:24  Marine  
  12  5:30  Terran Infantry Weapons Level 1, Terran Infantry Armor Level 1  
  12  5:34  SCV x2  
  12  5:35  Marine x2  
  12  5:37  Starport Reactor  
  12  5:40  Refinery  
  12  5:42  Marine  
  12  5:43  Refinery  
  12  5:45  Marine x2  
  12  5:46  SCV  
  12  5:50  Orbital Command  
  12  5:53  Marine  
  12  5:55  Siege Tank  
  12  5:57  Marine  
  12  5:59  SCV  
  12  6:00  Marine  
  12  6:04  Supply Depot  
  12  6:07  Supply Depot  
  12  6:09  Marine  
  12  6:10  Marine  
  12  6:11  Marine  
  12  6:13  SCV  
  12  6:15  SCV, Marine  
  12  6:18  SCV  
  12  6:22  Marine  
  12  6:23  Combat Shield  
  12  6:25  SCV  
  12  6:26  Medivac  
  12  6:27  SCV  
  12  6:29  Medivac  
  12  6:31  Marine  
  12  6:32  Marine  
  12  6:33  Marine  
  12  6:37  Orbital Command, Marine  
  12  6:39  Marine  
  12  6:45  Armory  
  12  6:47  Supply Depot  
  12  6:51  Marine x3  
  12  6:52  Siege Tank  
  12  6:59  Medivac x2  
  12  7:00  SCV  
  12  7:02  SCV  
  12  7:04  SCV  
  12  7:07  Marine x2  
  12  7:13  SCV  
  12  7:14  SCV  
  12  7:16  SCV  
  12  7:17  Marine x3  
  12  7:26  Marine  
  12  7:29  SCV  
  12  7:35  Supply Depot  
  12  7:36  Supply Depot x2  
  12  7:47  Supply Depot  
Tags
 
Add a new tag
Caveats
  • Supply blocks, unpowered buildings, or Contaminate may cause inaccurate times.
  • Supply counts are checked every 10 seconds.